 Dungeon Crawl Stone Soup version 0.21-a0-509-gecc5317 (webtiles) character file.

245 Megalobster the Sneak (level 5, 0/24 HPs)
             Began as a Spriggan Enchanter on Nov 29, 2017.
             Killed from afar by an orc wizard (11 damage)
             ... with a puff of frost
             ... on level 4 of the Dungeon.
             The game lasted 00:11:20 (4492 turns).

Megalobster the Sneak (Spriggan Enchanter)          Turns: 4492, Time: 00:11:20

Health: 0/24       AC:  2    Str:  5    XL:     5   Next: 84%
Magic:  3/11       EV: 20    Int: 17    God:
Gold:   177        SH:  0    Dex: 16    Spells: 2/11 levels left

rFire    . . .     SeeInvis +   m - +2 dagger (speed)
rCold    . . .     Gourm    .   (shield restricted)
rNeg     . . .     Faith    .   b - +0 robe
rPois    .         Spirit   .   (helmet restricted)
rElec    .         Reflect  .   (no cloak)
rCorr    .         Harm     .   (gloves unavailable)
MR       .....                  (boots unavailable)
Stlth    ++++......             (no amulet)
HPRegen  0.08/turn              (no ring)
MPRegen  0.12/turn              (no ring)

@: lethally poisoned (0 -> -8), very quick
A: very small, unfitting armour, see invisible, herbivore 3, speed 3, slow
metabolism 2
a: no special abilities


You were on level 4 of the Dungeon.
You were not hungry.

You visited 1 branch of the dungeon, and saw 4 of its levels.

You collected 177 gold pieces.

Inventory:

Hand Weapons
 a - a +1 dagger
 m - a +2 dagger of speed (weapon)
Armour
 b - a +0 robe (worn)
Jewellery
 i - an uncursed ring of protection from cold {unknown}
 j - a +1 ring of slaying {unknown}
 r - an uncursed ring of fire {unknown}
Scrolls
 e - 7 scrolls of identify {unknown}
 f - a scroll of amnesia {unknown}
 g - 2 scrolls of fear {unknown}
 k - a scroll of enchant weapon {unknown}
 l - 2 scrolls of teleportation {unknown}
 p - a scroll of immolation {unknown}
 q - 4 scrolls of enchant armour {unknown}
 t - 2 scrolls of remove curse {unknown}
Potions
 n - 4 potions of degeneration {unknown}
 o - 3 potions of heal wounds {unknown}
Books
 c - a book of Maledictions

   Spells                             Type                      Level
   a - Corona                         Hexes                        1
   b - Ensorcelled Hibernation        Hexes/Ice                    2
   c - Confuse                        Hexes                        3
   d - Tukima's Dance                 Hexes                        3
   e - Dazzling Spray                 Conjuration/Hexes            3
Comestibles
 d - 5 bread rations
 h - 3 fruits


   Skills:
 + Level 2.5 Short Blades
 + Level 4.4 Dodging
 * Level 6.8 Stealth
 + Level 3.7 Spellcasting
 * Level 5.0 Hexes


You had 2 spell levels left.
You knew the following spells:

 Your Spells              Type           Power        Failure   Level  Hunger
a - Corona                Hex            ###....      1%          1    None
b - Ensorcelled Hibernat  Hex/Ice        ##....       9%          2    ##.....
c - Confuse               Hex            ###.....     6%          3    ###....
d - Tukima's Dance        Hex            ###.....     6%          3    ###....


Dungeon Overview and Level Annotations

Branches:
Dungeon (4/15)
 Temple: D:4-7

Altars:


Innate Abilities, Weirdness & Mutations

You are very small and have problems with some larger weapons.
You are too small for most types of armour.
You have supernaturally acute eyesight. (SInv)
You are a herbivore.
You cover ground extremely quickly.
You need consume almost no food.


Message History

You miss the adder.
You feel sick. The adder bites you.
You are more poisoned.
The adder poisons you!
You hit the adder but do no damage.
The orc wizard casts a spell.
The orc wizard seems to speed up.
The adder barely misses you.
You barely miss the adder.
You feel sick.
You miss the adder. The adder bites you but does no damage.
You hit the adder.
The adder is moderately wounded.
You feel sick. The adder misses you.
You barely miss the adder.
The adder is moderately wounded.
The adder misses you.
You hit the adder.
The adder is severely wounded.
You feel sick.
The orc wizard points at you and mumbles some strange words.
The puff of frost hits you!
You die...

#...#......'. #...#......#.
#...#......# ....
.....#...'......#
#...##...####'#......#
#...##...#........a..#
......#...##...#..o........#
......#........#...........#
......#........#@[...#######
.....#........#S....#
#....#.....†..'.....+ #...
#...##)..#.....#
###'###...##...#.....#
#.....'...#....#.....+
#.....#...#....#.....#
#.....#...#....#.....#
#.....#...#....#.....#


You could see an orc wizard and an adder.

Vanquished Creatures
  A hound (D:4)
  An iguana (D:4)
  An orc wizard (D:4)
  3 gnolls (D:3)
  4 adders
  An ooze (D:4)
  3 worms
  5 dart slugs
  A leopard gecko (D:2)
  3 orcs
  A ball python (D:3)
  2 giant cockroaches (D:1)
  8 goblins
  7 hobgoblins
  2 jackals (D:1)
  2 quokkas
  13 bats
  5 frilled lizards
  7 kobolds
  8 rats
78 creatures vanquished.

Vanquished Creatures (collateral kills)
  A gnoll (D:3)
1 creature vanquished.

Grand Total: 79 creatures vanquished

Notes
Turn   | Place    | Note
-------+----------+-------------------------------------------
     0 | D:1      | Megalobster the Spriggan Enchanter began the quest for the Orb.
     0 | D:1      | Reached XP level 1. HP: 9/9 MP: 5/5
   600 | D:1      | Reached XP level 2. HP: 13/13 MP: 6/6
   647 | D:1      | Learned a level 2 spell: Ensorcelled Hibernation
   678 | D:1      | Reached skill level 5 in Stealth
  1490 | D:1      | Reached XP level 3. HP: 16/16 MP: 8/8
  1649 | D:1      | Learned a level 3 spell: Confuse
  2145 | D:2      | Reached XP level 4. HP: 7/21 MP: 4/9
  2902 | D:2      | Learned a level 3 spell: Tukima's Dance
  3085 | D:3      | Reached skill level 6 in Stealth
  3734 | D:3      | Reached XP level 5. HP: 24/24 MP: 11/11
  4467 | D:4      | Reached skill level 5 in Hexes
  4492 | D:4      | Killed from afar by an orc wizard

Vault maps used:
D:1:      dpeg_arrival_subterranean_lakeside_camping
D:2:      minmay_split_cup_large
D:3:      first_bread
D:4:      st_stairs_11, kennysheep_potato

Skill      XL: |  1  2  3  4  5 |
---------------+----------------+-----
Stealth        | 5 6 |  6.8
Hexes          | 4 5 |  5.0
Spellcasting   | 3 |  3.7
Short Blades   | 2 |  2.5
Dodging        | 4 |  4.4

Action                   |  1- 3 |  4- 6 || total
-------------------------+-------+-------++-------
Melee: Dagger            |   151 |   145 ||   296
 Cast: Ensorcelled Hiber |    15 |    12 ||    27
       Confuse           |     2 |     3 ||     5
       Tukima's Dance    |       |     7 ||     7
 Stab: Sleeping          |    15 |    21 ||    36
  Eat: Royal jelly       |       |     2 ||     2
Armor: Robe              |    24 |    14 ||    38
Dodge: Dodged            |   137 |    87 ||   224

Table legend:
 A = Spawn XP
 B = Non-spawn XP
 C = Spawn XP percentage of total XP
 D = Spawn monster count
 E = Non-spawn monster count
 F = Spawn count percentage of total count
 G = Total turns spent on level
                    A         B        C        D         E        F      G
               +---------+---------+-------+---------+---------+-------+---------
         Total |       0 |     351 |   0.0 |       0 |      79 |   0.0 |  4492
               +---------+---------+-------+---------+---------+-------+---------
           D:1 |       0 |      47 |   0.0 |       0 |      25 |   0.0 |  1717
           D:2 |       0 |      78 |   0.0 |       0 |      24 |   0.0 |  1448
           D:3 |       0 |     101 |   0.0 |       0 |      24 |   0.0 |  1045
           D:4 |       0 |     125 |   0.0 |       0 |       6 |   0.0 |   282
               +---------+---------+-------+---------+---------+-------+---------
